Pirates vs Monarchs

Created - Thursday, January 01, 2015 at 03:34

Goals
1 2 3 OT1 SO T
Pirates 1 0 0 0 3 1
Monarchs 1 0 0 0 4 2
Shots
1 2 3 OT1 SO T
Pirates 3 16 2 2 11 23
Monarchs 11 9 15 0 11 35

1st period

1. Monarchs , Luke Gazdic 6 (C.J. Stretch, Bobby Robins) at 14:01
2. Pirates , Eric Tangradi 12 (Unassisted) at 17:37

Penalties :
Aaron Rome (POR) for Slashing (Double Minor) at 3:58, Ryan Stoa (POR) for Holding (Minor) at 11:29, David Steckel (POR) for Roughing (Minor) at 17:51

2nd period

No Goal

Penalties :
Luke Gazdic (MAN) for Fighting (Major) at 1:52, Arron Asham (POR) for Fighting (Major) at 1:52, Taylor Doherty (MAN) for Fighting (Major) at 4:35, David Steckel (POR) for Fighting (Major) at 4:35, Taylor Doherty (MAN) for instigated a fight (Minor) at 4:35, Taylor Doherty (MAN) for instigated a fight (10 Minutes Misconduct) at 4:35

3rd period

No Goal

Penalties :
David Steckel (POR) for Boarding (Minor) at 5:02, Tobias Rieder (POR) for Interference (Minor) at 15:09

Overtime #1

No Goal

Penalties :
No Penalty

Shootout

Penalty Shot by Bobby Butler for Pirates - Stopped by Niklas Svedberg
Penalty Shot by Jason Jaffray for Monarchs - Stopped by Christopher Gibson
Penalty Shot by David Steckel for Pirates - Shot Misses the Net
Penalty Shot by Raffi Torres for Monarchs - Stopped by Christopher Gibson
Penalty Shot by Brandon Segal for Pirates - Stopped by Niklas Svedberg
Penalty Shot by Mikhail Grigorenko for Monarchs - Stopped by Christopher Gibson
Penalty Shot by Ryan Stoa for Pirates - Shot Misses the Net
Penalty Shot by Brett Olson for Monarchs - Stopped by Christopher Gibson
Penalty Shot by Peter Holland for Pirates - Stopped by Niklas Svedberg
Penalty Shot by Luke Gazdic for Monarchs - Stopped by Christopher Gibson
Penalty Shot by Tobias Rieder for Pirates - Stopped by Niklas Svedberg
Penalty Shot by C.J. Stretch for Monarchs - Shot Misses the Net
Penalty Shot by Nick Johnson for Pirates - Stopped by Niklas Svedberg
Penalty Shot by Matej Stransky for Monarchs - Shot Misses the Net
Penalty Shot by Aaron Rome for Pirates - Goal!
Penalty Shot by Joe Morrow for Monarchs - Goal!
Penalty Shot by Andrew Alberts for Pirates - Goal!
Penalty Shot by Mathieu Tousignant for Monarchs - Goal!
Penalty Shot by Hal Gill for Pirates - Goal!
Penalty Shot by Bobby Robins for Monarchs - Goal!
Penalty Shot by Greg Rallo for Pirates - Stopped by Niklas Svedberg
Penalty Shot by Jared Knight for Monarchs - Goal!

Penalties :
No Penalty

Goalie Stats

Christopher Gibson (POR), 34 saves from 35 shots - (0.971), OTL, 1-0-1, 65:00 minutes
Niklas Svedberg (MAN), 22 saves from 23 shots - (0.957), W, 18-16-5, 65:00 minutes

Players Stats for Pirates

Player Name              G  A  P  +/- PIM S  H  SB GA TA FO     MP     PP MP  PK MP  
------------------------------------------------------------------------------------
Aaron Rome               0  0  0  -1  4   4  1  0  2  4  0/0    27:38   0:16   4:01 
Andrew Alberts           0  0  0  -1  0   1  0  1  0  2  0/0    25:39   0:16   6:45 
Arron Asham              0  0  0   0  5   1  1  1  0  2  0/0    19:02   0:00   6:09 
Bobby Butler             0  0  0  -1  0   1  2  0  2  0  3/9    25:14   0:54   5:51 
Brandon Segal            0  0  0   0  0   1  3  2  0  2  1/1    22:01   1:05   3:10 
Dan Kelly                0  0  0   0  0   0  0  0  0  0  0/0     0:03   0:00   0:00 
David Steckel            0  0  0  -1  9   2  4  1  5  3  8/16   21:26   0:00   3:24 
Eric Tangradi            1  0  1   1  0   1  0  0  3  0  0/0    16:07   1:05   0:00 
Greg Rallo               0  0  0   0  0   0  0  0  2  0  0/0     5:27   0:00   0:00 
Hal Gill                 0  0  0   0  0   1  0  4  0  0  0/0    28:31   1:43   5:19 
Henrik Tommernes         0  0  0   1  0   0  0  0  1  1  0/0    28:40   1:43   0:52 
Nick Johnson             0  0  0   0  0   3  1  0  2  0  2/2    16:17   0:00   1:22 
Peter Holland            0  0  0   1  0   2  3  1  1  0  2/8    18:11   1:05   1:38 
Ryan Craig               0  0  0   0  0   0  0  0  0  0  0/0     0:00   0:00   0:00 
Ryan Stoa                0  0  0  -1  2   5  1  1  3  2  1/2    17:27   0:54   2:16 
Tobias Rieder            0  0  0   0  2   1  2  0  4  0  7/12   16:45   0:54   0:00 
Tyler Cuma               0  0  0   0  0   0  0  0  0  0  0/0     0:00   0:00   0:00 
Vincent LoVerde          0  0  0   1  0   0  0  2  0  3  0/0    19:29   0:00   6:53 

Players Stats for Monarchs

Player Name              G  A  P  +/- PIM S  H  SB GA TA FO     MP     PP MP  PK MP  
------------------------------------------------------------------------------------
Bobby Robins             0  1  1   1  0   0  1  0  0  0  0/0    14:13   0:00   0:00 
Brett Olson              0  0  0   0  0   2  2  0  2  0  4/9    20:34   5:34   0:10 
Byron Froese             0  0  0   0  0   0  0  0  0  0  0/0     0:00   0:00   0:00 
C.J. Stretch             0  1  1   1  0   3  2  1  2  1  4/7    15:59   0:11   0:00 
Derek Forbort            0  0  0   0  0   3  0  0  1  0  0/0    24:46   5:38   1:02 
Farm Player23            0  0  0   0  0   0  0  0  0  0  0/0     5:38   0:00   0:00 
Jared Knight             0  0  0  -1  0   3  1  2  1  1  0/0    20:04   6:05   0:00 
Jason Jaffray            0  0  0  -1  0   2  1  0  3  1  4/6    24:51   5:57   1:27 
Joe Morrow               0  0  0  -1  0   2  1  2  1  2  0/0    24:24   6:17   0:57 
Jordan Hill              0  0  0   0  0   3  0  1  0  0  0/0    25:20   5:38   1:02 
Luke Gazdic              1  0  1   1  5   3  0  0  5  1  0/0    16:59   1:24   0:00 
Matej Stransky           0  0  0   0  0   3  1  0  3  0  0/0    20:24   5:34   0:00 
Mathieu Tousignant       0  0  0   0  0   0  0  0  0  0  2/3     7:16   0:00   0:34 
Mikhail Grigorenko       0  0  0  -1  0   3  1  0  11 0  11/23  21:01   5:59   0:10 
Nathan Paetsch           0  0  0  -1  0   4  4  1  1  3  0/0    28:38   6:17   0:57 
Raffi Torres             0  0  0   0  0   4  3  0  5  0  1/2    24:12   5:01   1:37 
Taylor Doherty           0  0  0   1  17  0  0  0  0  3  0/0    10:36   0:00   0:00 
Zach McKelvie            0  0  0   1  0   0  0  0  0  1  0/0    13:04   0:00   0:00 

3 Stars

1 - Christopher Gibson (POR)
2 - Niklas Svedberg (MAN)
3 - Eric Tangradi (POR)

Power Play

Pirates - 0 on 1 Attempt(s) - 0.00%
Monarchs - 0 on 7 Attempt(s) - 0.00%

Penalty Kill

Pirates - 7 on 7 Attempt(s) - 100.00% - Score 0 goal in Penalty Kill
Monarchs - 1 on 1 Attempt(s) - 100.00% - Score 0 goal in Penalty Kill

Team Stat

Pirates - Hits : 18 - Faceoff Wins : 24 - Blocked Shots : 13 - Penalty Minutes : 22
Monarchs - Hits : 17 - Faceoff Wins : 26 - Blocked Shots : 7 - Penalty Minutes : 22

Official

Referees : Unknown
Linesman : Unknown

Game Notes

17:37 of 1st period - Penalty Shot by Eric Tangradi for Pirates - Goal!
Luke Gazdic beats up Arron Asham at 1:52 of 2nd period
Taylor Doherty and David Steckel fight to a draw at 4:35 of 2nd period

Finance

Level 1 -- Attendance: 1629 (81.45%) -- Ticket Income $57,015
Level 2 -- Attendance: 785 (78.50%) -- Ticket Income $11,775
Total Attendance: 2414 (80.47%)
Total Ticket Income: $68,790
Other Income: $33,707
Total Income: $102,497

Pirates

5 vs 5 Forward 
   Center                   Left Wing                Right Wing               Time % Phy DF OF 
 1 David Steckel            Ryan Stoa                Bobby Butler             35     1   2  2  
 2 Peter Holland            Eric Tangradi            Brandon Segal            30     1   2  2  
 3 Tobias Rieder            Nick Johnson             Arron Asham              22     1   2  2  
 4 David Steckel            Bobby Butler             Greg Rallo               13     1   2  2  

5 vs 5 Defense 
   Defense                  Defense                                           Time % Phy DF OF 
 1 Hal Gill                 Henrik Tommernes                                  35     1   2  2  
 2 Aaron Rome               Andrew Alberts                                    30     1   2  2  
 3 Vincent LoVerde          Henrik Tommernes                                  22     1   2  2  
 4 Hal Gill                 Aaron Rome                                        13     1   2  2  

PowerPlay Forward 
   Center                   Left Wing                Right Wing               Time % Phy DF OF 
 1 David Steckel            Ryan Stoa                Bobby Butler             60     1   2  2  
 2 Peter Holland            Eric Tangradi            Brandon Segal            40     1   2  2  

PowerPlay Defense
   Defense                  Defense                                           Time % Phy DF OF 
 1 Hal Gill                 Henrik Tommernes                                  60     1   2  2  
 2 Aaron Rome               Andrew Alberts                                    40     1   2  2  

Penalty Kill 4 Players Forward 
   Center                   Wing                     Time % Phy DF OF 
 1 Bobby Butler             David Steckel            60     1   2  2  
 2 Brandon Segal            Ryan Stoa                40     1   2  2  

Penalty Kill 4 Players Defense
   Defense                  Defense                  Time % Phy DF OF 
 1 Hal Gill                 Vincent LoVerde          60     1   2  2  
 2 Aaron Rome               Andrew Alberts           40     1   2  2  

Penalty Kill - 3 Players Forward 
   Forward                                           Time % Phy DF OF 
 1 Bobby Butler                                      60     1   2  2  
 2 David Steckel                                     40     1   2  2  

Penalty Kill - 3 Players Defense
   Defense                  Defense                  Time % Phy DF OF 
 1 Hal Gill                 Vincent LoVerde          60     1   2  2  
 2 Aaron Rome               Andrew Alberts           40     1   2  2  

4 vs 4 Forward 
   Center                   Wing                     Time % Phy DF OF 
 1 Bobby Butler             David Steckel            60     1   2  2  
 2 Brandon Segal            Ryan Stoa                40     1   2  2  

4 vs 4 Defense
   Defense                  Defense                  Time % Phy DF OF 
 1 Hal Gill                 Henrik Tommernes         60     1   2  2  
 2 Aaron Rome               Andrew Alberts           40     1   2  2  

Last Minutes Offensive
   Center                   Left Wing                Right Wing               Defense                  Defense                  
   David Steckel            Ryan Stoa                Bobby Butler             Hal Gill                 Aaron Rome               

Last Minutes Defensive
   Center                   Left Wing                Right Wing               Defense                  Defense                  
   David Steckel            Ryan Stoa                Bobby Butler             Hal Gill                 Aaron Rome               

Goaltenders
Starting : Christopher Gibson       
Backup : Yann Danis               

Extra Forwards
Normal : Tobias Rieder, Nick Johnson, Arron Asham - PP : Tobias Rieder, Nick Johnson - PK : Arron Asham
Extra Defensemen
Normal : Vincent LoVerde, Henrik Tommernes, Aaron Rome - PP : Vincent LoVerde - PK : Henrik Tommernes, Aaron Rome
Penalty Shots
Bobby Butler, David Steckel, Brandon Segal, Ryan Stoa, Peter Holland

Monarchs

5 vs 5 Forward 
   Center                   Left Wing                Right Wing               Time % Phy DF OF 
 1 Mikhail Grigorenko       Jason Jaffray            Jared Knight             35     1   2  2  
 2 Brett Olson              Raffi Torres             Matej Stransky           30     1   2  2  
 3 C.J. Stretch             Luke Gazdic              Bobby Robins             22     1   2  2  
 4 Mathieu Tousignant       Jason Jaffray            Raffi Torres             13     1   2  2  

5 vs 5 Defense 
   Defense                  Defense                                           Time % Phy DF OF 
 1 Nathan Paetsch           Joe Morrow                                        35     1   2  2  
 2 Derek Forbort            Jordan Hill                                       30     1   2  2  
 3 Taylor Doherty           Zach McKelvie                                     22     1   2  2  
 4 Nathan Paetsch           Joe Morrow                                        13     1   2  2  

PowerPlay Forward 
   Center                   Left Wing                Right Wing               Time % Phy DF OF 
 1 Mikhail Grigorenko       Jason Jaffray            Jared Knight             60     1   2  2  
 2 Brett Olson              Raffi Torres             Matej Stransky           40     1   2  2  

PowerPlay Defense
   Defense                  Defense                                           Time % Phy DF OF 
 1 Nathan Paetsch           Joe Morrow                                        60     1   2  2  
 2 Derek Forbort            Jordan Hill                                       40     1   2  2  

Penalty Kill 4 Players Forward 
   Center                   Wing                     Time % Phy DF OF 
 1 Jason Jaffray            Raffi Torres             60     1   2  2  
 2 Mikhail Grigorenko       Brett Olson              40     1   2  2  

Penalty Kill 4 Players Defense
   Defense                  Defense                  Time % Phy DF OF 
 1 Nathan Paetsch           Joe Morrow               60     1   2  2  
 2 Derek Forbort            Jordan Hill              40     1   2  2  

Penalty Kill - 3 Players Forward 
   Forward                                           Time % Phy DF OF 
 1 Jason Jaffray                                     60     1   2  2  
 2 Raffi Torres                                      40     1   2  2  

Penalty Kill - 3 Players Defense
   Defense                  Defense                  Time % Phy DF OF 
 1 Nathan Paetsch           Zach McKelvie            60     1   2  2  
 2 Derek Forbort            Jordan Hill              40     1   2  2  

4 vs 4 Forward 
   Center                   Wing                     Time % Phy DF OF 
 1 Jason Jaffray            Raffi Torres             60     1   2  2  
 2 Mikhail Grigorenko       Brett Olson              40     1   2  2  

4 vs 4 Defense
   Defense                  Defense                  Time % Phy DF OF 
 1 Nathan Paetsch           Taylor Doherty           60     1   2  2  
 2 Derek Forbort            Jordan Hill              40     1   2  2  

Last Minutes Offensive
   Center                   Left Wing                Right Wing               Defense                  Defense                  
   Mikhail Grigorenko       Jason Jaffray            Jared Knight             Nathan Paetsch           Joe Morrow               

Last Minutes Defensive
   Center                   Left Wing                Right Wing               Defense                  Defense                  
   Mikhail Grigorenko       Jason Jaffray            Jared Knight             Nathan Paetsch           Joe Morrow               

Goaltenders
Starting : Niklas Svedberg          
Backup : Reto Berra               

Extra Forwards
Normal : Luke Gazdic, C.J. Stretch, Mathieu Tousignant - PP : Luke Gazdic, C.J. Stretch - PK : Mathieu Tousignant
Extra Defensemen
Normal : Taylor Doherty, Zach McKelvie, Nathan Paetsch - PP : Taylor Doherty - PK : Zach McKelvie, Nathan Paetsch
Penalty Shots
Jason Jaffray, Raffi Torres, Mikhail Grigorenko, Brett Olson, Luke Gazdic

% Time on Ice - Pirates

Lines # - Real PCT - Wanted PCT - Time Play
Normal Forward
1 - 29% - 35% - 13:20
2 - 33% - 30% - 15:19
3 - 28% - 22% - 12:53
4 - 10% - 13% - 4:34
Normal Defense
1 - 32% - 35% - 14:52
2 - 32% - 30% - 14:42
3 - 25% - 22% - 11:39
4 - 11% - 13% - 4:53
PP Forward
1 - 45% - 60% - 0:54
2 - 55% - 40% - 1:05
PP Defense
1 - 87% - 60% - 1:43
2 - 13% - 40% - 0:16
PK Forward
1 - 73% - 60% - 8:45
2 - 27% - 40% - 3:10
PK Defense
1 - 58% - 60% - 6:53
2 - 42% - 40% - 5:02
PK3 Forward
1 - 0% - 60%
2 - 0% - 40%
PK3 Defense
1 - 0% - 60%
2 - 0% - 40%
44 Forward
1 - 82% - 60% - 4:06
2 - 18% - 40% - 0:54
44 Defense
1 - 57% - 60% - 2:51
2 - 43% - 40% - 2:09
Last Minute Offensive  - 0:00
Last Minute Defensive  - 0:00
Total
Forward - 65:00
Defense - 65:00

% Time on Ice - Monarchs

Lines # - Real PCT - Wanted PCT - Time Play
Normal Forward
1 - 31% - 35% - 14:23
2 - 32% - 30% - 14:50
3 - 31% - 22% - 14:13
4 - 6% - 13% - 2:40
Normal Defense
1 - 32% - 35% - 14:32
2 - 34% - 30% - 15:52
3 - 28% - 22% - 13:04
4 - 6% - 13% - 2:38
PP Forward
1 - 53% - 60% - 6:21
2 - 47% - 40% - 5:34
PP Defense
1 - 53% - 60% - 6:17
2 - 47% - 40% - 5:38
PK Forward
1 - 92% - 60% - 1:49
2 - 8% - 40% - 0:10
PK Defense
1 - 48% - 60% - 0:57
2 - 52% - 40% - 1:02
PK3 Forward
1 - 0% - 60%
2 - 0% - 40%
PK3 Defense
1 - 0% - 60%
2 - 0% - 40%
44 Forward
1 - 100% - 60% - 5:00
2 - 0% - 40% - 0:00
44 Defense
1 - 55% - 60% - 2:46
2 - 45% - 40% - 2:14
Last Minute Offensive  - 0:00
Last Minute Defensive  - 0:00
Total
Forward - 65:00
Defense - 65:00

Play by Play

1st period


0:01 of 1st period - David Steckel wins face-off versus Mikhail Grigorenko in neutral zone.
0:24 of 1st period - Snap shot by Jared Knight.
0:24 of 1st period - Shot Blocked by Hal Gill.
0:26 of 1st period - Snap shot by Jared Knight.
0:26 of 1st period - Shot Misses the Net.
0:28 of 1st period - Slapshot by Joe Morrow.
0:28 of 1st period - Shot Misses the Net.
0:30 of 1st period - Snap shot by Jason Jaffray.
0:30 of 1st period - Shot Misses the Net.
0:56 of 1st period - Snap shot by Raffi Torres.
0:56 of 1st period - Stopped by Christopher Gibson with a rebound.
0:58 of 1st period - Slapshot by Derek Forbort.
0:58 of 1st period - Shot Blocked by Hal Gill.
1:04 of 1st period - Snap shot by Raffi Torres.
1:04 of 1st period - Shot Misses the Net.
1:06 of 1st period - Snap shot by Brett Olson.
1:06 of 1st period - Stopped by Christopher Gibson with a rebound.
1:14 of 1st period - Backhand shot by Raffi Torres.
1:14 of 1st period - Stopped by Christopher Gibson with a rebound.
1:16 of 1st period - Wrist shot by Matej Stransky.
1:16 of 1st period - Shot Misses the Net.
1:18 of 1st period - Snap shot by Matej Stransky.
1:18 of 1st period - Shot Blocked by Brandon Segal.
1:32 of 1st period - Slapshot by Luke Gazdic.
1:32 of 1st period - Shot Misses the Net.
2:06 of 1st period - Luke Gazdic is hit by Tobias Rieder.
2:44 of 1st period - Aaron Rome is hit by Raffi Torres and loses puck.
3:58 of 1st period - Double Minor Penalty to Aaron Rome for Slashing.
3:59 of 1st period - Mikhail Grigorenko wins face-off versus Bobby Butler in Pirates zone.
4:13 of 1st period - Snap shot by Mikhail Grigorenko.
4:13 of 1st period - Shot Misses the Net.
4:15 of 1st period - Wrist shot by Mikhail Grigorenko.
4:15 of 1st period - Stopped by Christopher Gibson with a rebound.
4:17 of 1st period - Backhand shot by Jason Jaffray.
4:17 of 1st period - Shot Blocked by Vincent LoVerde.
4:19 of 1st period - Slapshot by Joe Morrow.
4:19 of 1st period - Shot Blocked by David Steckel.
4:43 of 1st period - Vincent LoVerde is hit by Raffi Torres and loses puck.
6:14 of 1st period - Arron Asham is hit by Nathan Paetsch and loses puck.
7:58 of 1st period - Penalty to Aaron Rome is over, Aaron Rome is back on ice.
8:27 of 1st period - Taylor Doherty is hit by Peter Holland and loses puck.
9:18 of 1st period - Wrist shot by Bobby Butler.
9:18 of 1st period - Stopped by Niklas Svedberg with a rebound.
9:36 of 1st period - Derek Forbort is hit by Peter Holland and loses puck.
9:43 of 1st period - Slapshot by Jordan Hill.
9:43 of 1st period - Stopped by Christopher Gibson without a rebound.
9:44 of 1st period - Tobias Rieder wins face-off versus Mathieu Tousignant in Pirates zone.
10:01 of 1st period - Slapshot by Tobias Rieder.
10:01 of 1st period - Stopped by Niklas Svedberg with a rebound.
10:07 of 1st period - Derek Forbort is hit by Nick Johnson and loses puck.
11:13 of 1st period - Snap shot by Matej Stransky.
11:13 of 1st period - Shot Misses the Net.
11:15 of 1st period - Slapshot by Nathan Paetsch.
11:15 of 1st period - Stopped by Christopher Gibson with a rebound.
11:17 of 1st period - Slapshot by Nathan Paetsch.
11:17 of 1st period - Stopped by Christopher Gibson with a rebound.
11:19 of 1st period - Slapshot by Matej Stransky.
11:19 of 1st period - Shot Misses the Net.
11:29 of 1st period - Minor Penalty to Ryan Stoa for Holding.
11:30 of 1st period - Mikhail Grigorenko wins face-off versus David Steckel in Pirates zone.
11:36 of 1st period - Slapshot by Jordan Hill.
11:36 of 1st period - Stopped by Christopher Gibson without a rebound.
11:37 of 1st period - Bobby Butler wins face-off versus Mikhail Grigorenko in Pirates zone.
11:47 of 1st period - Off-side.
11:48 of 1st period - Mikhail Grigorenko wins face-off versus Bobby Butler in neutral zone.
11:59 of 1st period - Derek Forbort is hit by David Steckel and loses puck.
12:27 of 1st period - Nathan Paetsch is hit by Brandon Segal and loses puck.
12:51 of 1st period - Matej Stransky is hit by Arron Asham and loses puck.
13:06 of 1st period - Matej Stransky is hit by Aaron Rome and loses puck.
13:19 of 1st period - Joe Morrow is hit by David Steckel and loses puck.
13:29 of 1st period - Penalty to Ryan Stoa is over, Ryan Stoa is back on ice.
13:51 of 1st period - Backhand shot by Luke Gazdic.
13:51 of 1st period - Shot Misses the Net.
14:01 of 1st period - Wrist shot by Luke Gazdic.
14:01 of 1st period - Goal by Luke Gazdic - Pirates : 0 - Monarchs : 1.
14:02 of 1st period - C.J. Stretch wins face-off versus Peter Holland in neutral zone.
14:15 of 1st period - Slapshot by Brandon Segal.
14:15 of 1st period - Shot Hit the Post.
14:17 of 1st period - Slapshot by Henrik Tommernes.
14:17 of 1st period - Shot Blocked by C.J. Stretch.
14:44 of 1st period - Snap shot by Nick Johnson.
14:44 of 1st period - Stopped by Niklas Svedberg without a rebound.
14:45 of 1st period - Tobias Rieder wins face-off versus Brett Olson in Monarchs zone.
15:59 of 1st period - Off-side.
16:00 of 1st period - Tobias Rieder wins face-off versus Mikhail Grigorenko in neutral zone.
16:04 of 1st period - Icing by Nathan Paetsch.
16:05 of 1st period - Jason Jaffray wins face-off versus Tobias Rieder in Monarchs zone.
17:33 of 1st period - Snap shot by C.J. Stretch.
17:33 of 1st period - Deflect By Luke Gazdic.
17:33 of 1st period - Deflect By Aaron Rome.
17:33 of 1st period - Stopped by Christopher Gibson without a rebound.
17:34 of 1st period - Jason Jaffray wins face-off versus Peter Holland in Pirates zone.
17:35 of 1st period - Snap shot by Mikhail Grigorenko.
17:35 of 1st period - Shot Misses the Net.
17:37 of 1st period - Penalty Shot by Eric Tangradi for Pirates.
17:37 of 1st period - Backhand shot by Eric Tangradi.
17:37 of 1st period - Goal by Eric Tangradi - Pirates : 1 - Monarchs : 1.
17:38 of 1st period - David Steckel wins face-off versus Mikhail Grigorenko in neutral zone.
17:39 of 1st period - Mikhail Grigorenko wins face-off versus David Steckel in Pirates zone.
17:40 of 1st period - Snap shot by Jason Jaffray.
17:40 of 1st period - Stopped by Christopher Gibson without a rebound.
17:41 of 1st period - Mikhail Grigorenko wins face-off versus Ryan Stoa in Pirates zone.
17:51 of 1st period - Minor Penalty to David Steckel for Roughing.
17:52 of 1st period - Bobby Butler wins face-off versus Mikhail Grigorenko in Pirates zone.
18:12 of 1st period - Snap shot by Mikhail Grigorenko.
18:12 of 1st period - Shot Blocked by Hal Gill.
18:42 of 1st period - Raffi Torres is hit by Bobby Butler.
19:06 of 1st period - Vincent LoVerde is hit by Brett Olson.
19:29 of 1st period - Wrist shot by Jason Jaffray.
19:29 of 1st period - Shot Hit the Post.
19:33 of 1st period - Wrist shot by Jared Knight.
19:33 of 1st period - Shot Blocked by Vincent LoVerde.
19:51 of 1st period - Penalty to David Steckel is over, David Steckel is back on ice.
Goals for this period are 1 for Pirates vs 1 for Monarchs.
Shots for this period are 3 for Pirates vs 11 for Monarchs.

2nd period


0:01 of 2nd period - Mikhail Grigorenko wins face-off versus David Steckel in neutral zone.
0:50 of 2nd period - Snap shot by Matej Stransky.
0:50 of 2nd period - Stopped by Christopher Gibson without a rebound.
0:51 of 2nd period - Raffi Torres wins face-off versus Peter Holland in Pirates zone.
1:04 of 2nd period - Wrist shot by Eric Tangradi.
1:04 of 2nd period - Shot Misses the Net.
1:06 of 2nd period - Slapshot by Hal Gill.
1:06 of 2nd period - Shot Blocked by Jordan Hill.
1:08 of 2nd period - Backhand shot by Hal Gill.
1:08 of 2nd period - Shot Misses the Net.
1:41 of 2nd period - Wrist shot by Nick Johnson.
1:41 of 2nd period - Deflect By Arron Asham.
1:41 of 2nd period - Stopped by Niklas Svedberg with a rebound.
1:43 of 2nd period - Wrist shot by Aaron Rome.
1:43 of 2nd period - Stopped by Niklas Svedberg with a rebound.
1:45 of 2nd period - Snap shot by Nick Johnson.
1:45 of 2nd period - Stopped by Niklas Svedberg without a rebound.
1:46 of 2nd period - C.J. Stretch wins face-off versus Tobias Rieder in Monarchs zone.
1:52 of 2nd period - Luke Gazdic beats up Arron Asham.
1:52 of 2nd period - Penalty to Luke Gazdic for Fighting.
1:52 of 2nd period - Penalty to Arron Asham for Fighting.
1:53 of 2nd period - David Steckel wins face-off versus Mikhail Grigorenko in Pirates zone.
2:12 of 2nd period - Wrist shot by Ryan Stoa.
2:12 of 2nd period - Stopped by Niklas Svedberg with a rebound.
2:14 of 2nd period - Slapshot by David Steckel.
2:14 of 2nd period - Stopped by Niklas Svedberg with a rebound.
2:16 of 2nd period - Slapshot by Bobby Butler.
2:16 of 2nd period - Deflect By Jason Jaffray.
2:16 of 2nd period - Shot Misses the Net.
2:16 of 2nd period - Puck is out of play.
2:17 of 2nd period - Brett Olson wins face-off versus Peter Holland in Monarchs zone.
2:39 of 2nd period - Wrist shot by Eric Tangradi.
2:39 of 2nd period - Stopped by Niklas Svedberg with a rebound.
2:49 of 2nd period - Wrist shot by Peter Holland.
2:49 of 2nd period - Stopped by Niklas Svedberg without a rebound.
2:50 of 2nd period - David Steckel wins face-off versus Mikhail Grigorenko in Monarchs zone.
3:13 of 2nd period - Slapshot by Bobby Butler.
3:13 of 2nd period - Shot Misses the Net.
3:15 of 2nd period - Slapshot by Andrew Alberts.
3:15 of 2nd period - Shot Blocked by Joe Morrow.
3:23 of 2nd period - Snap shot by Ryan Stoa.
3:23 of 2nd period - Shot Blocked by Jared Knight.
3:25 of 2nd period - Slapshot by Aaron Rome.
3:25 of 2nd period - Stopped by Niklas Svedberg with a rebound.
3:34 of 2nd period - Icing by Mikhail Grigorenko.
3:35 of 2nd period - Nick Johnson wins face-off versus Mikhail Grigorenko in Monarchs zone.
4:28 of 2nd period - Snap shot by Raffi Torres.
4:28 of 2nd period - Stopped by Christopher Gibson without a rebound.
4:29 of 2nd period - David Steckel wins face-off versus C.J. Stretch in Pirates zone.
4:35 of 2nd period - Taylor Doherty and David Steckel fight to a draw.
4:35 of 2nd period - Penalty to Taylor Doherty for Fighting.
4:35 of 2nd period - Penalty to David Steckel for Fighting.
4:35 of 2nd period - Penalty to Taylor Doherty for instigated a fight.
4:35 of 2nd period - Penalty to Taylor Doherty for instigated a fight.
4:36 of 2nd period - Tobias Rieder wins face-off versus Jason Jaffray in Pirates zone.
5:28 of 2nd period - Nathan Paetsch is hit by Brandon Segal and loses puck.
6:09 of 2nd period - Slapshot by Raffi Torres.
6:09 of 2nd period - Stopped by Christopher Gibson with a rebound.
6:31 of 2nd period - Slapshot by Aaron Rome.
6:31 of 2nd period - Stopped by Niklas Svedberg without a rebound.
6:32 of 2nd period - Tobias Rieder wins face-off versus Jason Jaffray in Monarchs zone.
6:35 of 2nd period - Penalty to Taylor Doherty is over, Farm Player23 is send on ice.
6:39 of 2nd period - Wrist shot by Bobby Butler.
6:39 of 2nd period - Shot Misses the Net.
6:41 of 2nd period - Snap shot by Ryan Stoa.
6:41 of 2nd period - Stopped by Niklas Svedberg with a rebound.
7:53 of 2nd period - Snap shot by Nick Johnson.
7:53 of 2nd period - Stopped by Niklas Svedberg with a rebound.
8:35 of 2nd period - Arron Asham is hit by C.J. Stretch and loses puck.
8:58 of 2nd period - Jordan Hill is hit by Ryan Stoa and loses puck.
9:07 of 2nd period - Slapshot by Peter Holland.
9:07 of 2nd period - Stopped by Niklas Svedberg with a rebound.
9:26 of 2nd period - Icing by Greg Rallo.
9:27 of 2nd period - Tobias Rieder wins face-off versus Brett Olson in Pirates zone.
10:59 of 2nd period - Icing by Tobias Rieder.
11:00 of 2nd period - Nick Johnson wins face-off versus Brett Olson in Pirates zone.
12:30 of 2nd period - Slapshot by Arron Asham.
12:30 of 2nd period - Shot Misses the Net.
12:56 of 2nd period - Wrist shot by Ryan Stoa.
12:56 of 2nd period - Shot Blocked by Jared Knight.
13:32 of 2nd period - Wrist shot by Brett Olson.
13:32 of 2nd period - Shot Misses the Net.
13:52 of 2nd period - Backhand shot by C.J. Stretch.
13:52 of 2nd period - Stopped by Christopher Gibson with a rebound.
13:54 of 2nd period - Wrist shot by C.J. Stretch.
13:54 of 2nd period - Stopped by Christopher Gibson with a rebound.
13:56 of 2nd period - Wrist shot by Luke Gazdic.
13:56 of 2nd period - Stopped by Christopher Gibson with a rebound.
14:18 of 2nd period - Vincent LoVerde is hit by Brett Olson.
14:54 of 2nd period - Wrist shot by Matej Stransky.
14:54 of 2nd period - Shot Misses the Net.
15:32 of 2nd period - Backhand shot by Ryan Stoa.
15:32 of 2nd period - Stopped by Niklas Svedberg without a rebound.
15:33 of 2nd period - Jason Jaffray wins face-off versus David Steckel in Monarchs zone.
15:33 of 2nd period - Jason Jaffray is hit by David Steckel.
15:38 of 2nd period - Icing by Mathieu Tousignant.
15:39 of 2nd period - Mathieu Tousignant wins face-off versus David Steckel in Monarchs zone.
15:54 of 2nd period - Slapshot by Bobby Butler.
15:54 of 2nd period - Shot Misses the Net.
16:14 of 2nd period - Off-side.
16:15 of 2nd period - Tobias Rieder wins face-off versus Brett Olson in neutral zone.
16:31 of 2nd period - Wrist shot by David Steckel.
16:31 of 2nd period - Stopped by Niklas Svedberg without a rebound.
16:32 of 2nd period - C.J. Stretch wins face-off versus Bobby Butler in Monarchs zone.
17:03 of 2nd period - Eric Tangradi is hit by Joe Morrow and loses puck.
17:34 of 2nd period - Arron Asham is hit by Nathan Paetsch and loses puck.
18:02 of 2nd period - Wrist shot by Ryan Stoa.
18:02 of 2nd period - Stopped by Niklas Svedberg with a rebound.
18:04 of 2nd period - Slapshot by Andrew Alberts.
18:04 of 2nd period - Stopped by Niklas Svedberg without a rebound.
18:05 of 2nd period - David Steckel wins face-off versus C.J. Stretch in Monarchs zone.
18:45 of 2nd period - Snap shot by Mikhail Grigorenko.
18:45 of 2nd period - Shot Misses the Net.
18:53 of 2nd period - Jared Knight is hit by David Steckel and loses puck.
19:06 of 2nd period - Snap shot by Mikhail Grigorenko.
19:06 of 2nd period - Stopped by Christopher Gibson with a rebound.
19:08 of 2nd period - Wrist shot by Jared Knight.
19:08 of 2nd period - Stopped by Christopher Gibson with a rebound.
19:10 of 2nd period - Wrist shot by Mikhail Grigorenko.
19:10 of 2nd period - Stopped by Christopher Gibson without a rebound.
19:11 of 2nd period - Peter Holland wins face-off versus Mikhail Grigorenko in Pirates zone.
19:35 of 2nd period - 10 Minutes Misconduct Penalty to Taylor Doherty is over.
Goals for this period are 0 for Pirates vs 0 for Monarchs.
Shots for this period are 16 for Pirates vs 9 for Monarchs.

3rd period


0:01 of 3rd period - Ryan Stoa wins face-off versus Mikhail Grigorenko in neutral zone.
0:30 of 3rd period - Wrist shot by Jason Jaffray.
0:30 of 3rd period - Stopped by Christopher Gibson without a rebound.
0:31 of 3rd period - Peter Holland wins face-off versus Raffi Torres in Pirates zone.
0:44 of 3rd period - Wrist shot by Raffi Torres.
0:44 of 3rd period - Shot Misses the Net.
0:46 of 3rd period - Wrist shot by Matej Stransky.
0:46 of 3rd period - Shot Misses the Net.
0:48 of 3rd period - Slapshot by Derek Forbort.
0:48 of 3rd period - Shot Misses the Net.
0:50 of 3rd period - Slapshot by Jordan Hill.
0:50 of 3rd period - Shot Misses the Net.
0:54 of 3rd period - Slapshot by Raffi Torres.
0:54 of 3rd period - Shot Misses the Net.
0:56 of 3rd period - Wrist shot by Raffi Torres.
0:56 of 3rd period - Shot Misses the Net.
1:22 of 3rd period - Wrist shot by Luke Gazdic.
1:22 of 3rd period - Shot Blocked by Peter Holland.
1:24 of 3rd period - Snap shot by Nathan Paetsch.
1:24 of 3rd period - Stopped by Christopher Gibson with a rebound.
1:26 of 3rd period - Snap shot by C.J. Stretch.
1:26 of 3rd period - Shot Misses the Net.
1:28 of 3rd period - Slapshot by Joe Morrow.
1:28 of 3rd period - Shot Blocked by Andrew Alberts.
1:30 of 3rd period - Slapshot by Nathan Paetsch.
1:30 of 3rd period - Deflect By C.J. Stretch.
1:30 of 3rd period - Stopped by Christopher Gibson without a rebound.
1:31 of 3rd period - C.J. Stretch wins face-off versus David Steckel in Pirates zone.
1:42 of 3rd period - Snap shot by Ryan Stoa.
1:42 of 3rd period - Shot Blocked by Nathan Paetsch.
1:44 of 3rd period - Wrist shot by Ryan Stoa.
1:44 of 3rd period - Stopped by Niklas Svedberg with a rebound.
1:46 of 3rd period - Snap shot by Ryan Stoa.
1:46 of 3rd period - Shot Misses the Net.
1:48 of 3rd period - Snap shot by Bobby Butler.
1:48 of 3rd period - Shot Blocked by Joe Morrow.
1:50 of 3rd period - Slapshot by Hal Gill.
1:50 of 3rd period - Stopped by Niklas Svedberg without a rebound.
1:51 of 3rd period - David Steckel wins face-off versus Mikhail Grigorenko in Monarchs zone.
2:45 of 3rd period - Wrist shot by Jordan Hill.
2:45 of 3rd period - Shot Misses the Net.
2:53 of 3rd period - Snap shot by Matej Stransky.
2:53 of 3rd period - Shot Blocked by Arron Asham.
2:55 of 3rd period - Snap shot by Derek Forbort.
2:55 of 3rd period - Deflect By Arron Asham.
2:55 of 3rd period - Stopped by Christopher Gibson with a rebound.
2:57 of 3rd period - Backhand shot by Derek Forbort.
2:57 of 3rd period - Shot Misses the Net.
2:59 of 3rd period - Slapshot by Jordan Hill.
2:59 of 3rd period - Shot Misses the Net.
3:27 of 3rd period - Aaron Rome is hit by Bobby Robins.
5:02 of 3rd period - Minor Penalty to David Steckel for Boarding.
5:03 of 3rd period - Brett Olson wins face-off versus Bobby Butler in Pirates zone.
5:04 of 3rd period - Wrist shot by Raffi Torres.
5:04 of 3rd period - Shot Blocked by Hal Gill.
5:06 of 3rd period - Snap shot by Nathan Paetsch.
5:06 of 3rd period - Stopped by Christopher Gibson without a rebound.
5:07 of 3rd period - Bobby Butler wins face-off versus Brett Olson in Pirates zone.
5:50 of 3rd period - Arron Asham is hit by Mikhail Grigorenko.
6:02 of 3rd period - Bobby Butler is hit by Nathan Paetsch and loses puck.
6:21 of 3rd period - Wrist shot by Matej Stransky.
6:21 of 3rd period - Shot Misses the Net.
6:37 of 3rd period - Snap shot by Arron Asham.
6:37 of 3rd period - Shot Misses the Net.
7:02 of 3rd period - Penalty to David Steckel is over, David Steckel is back on ice.
7:09 of 3rd period - Bobby Robins is hit by Brandon Segal and loses puck.
7:36 of 3rd period - David Steckel is hit by C.J. Stretch and loses puck.
8:07 of 3rd period - Wrist shot by Mikhail Grigorenko.
8:07 of 3rd period - Shot Misses the Net.
8:09 of 3rd period - Wrist shot by Jared Knight.
8:09 of 3rd period - Stopped by Christopher Gibson with a rebound.
8:49 of 3rd period - Zach McKelvie is hit by Tobias Rieder and loses puck.
9:48 of 3rd period - Tobias Rieder is hit by Jared Knight and loses puck.
9:52 of 3rd period - Icing by Andrew Alberts.
9:53 of 3rd period - Mikhail Grigorenko wins face-off versus Tobias Rieder in Pirates zone.
10:29 of 3rd period - Off-side.
10:30 of 3rd period - Mikhail Grigorenko wins face-off versus David Steckel in neutral zone.
10:53 of 3rd period - Snap shot by Joe Morrow.
10:53 of 3rd period - Stopped by Christopher Gibson with a rebound.
11:06 of 3rd period - Icing by Aaron Rome.
11:07 of 3rd period - Brett Olson wins face-off versus David Steckel in Pirates zone.
11:29 of 3rd period - Icing by Henrik Tommernes.
11:30 of 3rd period - Mikhail Grigorenko wins face-off versus Tobias Rieder in Pirates zone.
12:15 of 3rd period - C.J. Stretch is hit by Peter Holland and loses puck.
12:54 of 3rd period - Wrist shot by Brett Olson.
12:54 of 3rd period - Stopped by Christopher Gibson with a rebound.
13:06 of 3rd period - Snap shot by Raffi Torres.
13:06 of 3rd period - Shot Misses the Net.
13:10 of 3rd period - Slapshot by Joe Morrow.
13:10 of 3rd period - Stopped by Christopher Gibson without a rebound.
13:11 of 3rd period - Mathieu Tousignant wins face-off versus Peter Holland in Pirates zone.
13:55 of 3rd period - Snap shot by Matej Stransky.
13:55 of 3rd period - Stopped by Christopher Gibson with a rebound.
13:57 of 3rd period - Wrist shot by Taylor Doherty.
13:57 of 3rd period - Shot Blocked by Ryan Stoa.
14:04 of 3rd period - Icing by Bobby Butler.
14:05 of 3rd period - David Steckel wins face-off versus Mikhail Grigorenko in Pirates zone.
14:40 of 3rd period - Wrist shot by Matej Stransky.
14:40 of 3rd period - Stopped by Christopher Gibson with a rebound.
15:00 of 3rd period - Eric Tangradi is hit by Matej Stransky and loses puck.
15:09 of 3rd period - Minor Penalty to Tobias Rieder for Interference.
15:10 of 3rd period - Mikhail Grigorenko wins face-off versus Bobby Butler in Pirates zone.
16:10 of 3rd period - Off-side.
16:11 of 3rd period - Brett Olson wins face-off versus Peter Holland in neutral zone.
17:09 of 3rd period - Penalty to Tobias Rieder is over, Tobias Rieder is back on ice.
17:09 of 3rd period - Joe Morrow is hit by Bobby Butler and loses puck.
17:37 of 3rd period - Snap shot by Bobby Robins.
17:37 of 3rd period - Shot Misses the Net.
18:05 of 3rd period - Snap shot by Mikhail Grigorenko.
18:05 of 3rd period - Shot Blocked by Brandon Segal.
18:07 of 3rd period - Slapshot by Derek Forbort.
18:07 of 3rd period - Stopped by Christopher Gibson with a rebound.
18:09 of 3rd period - Slapshot by Derek Forbort.
18:09 of 3rd period - Stopped by Christopher Gibson with a rebound.
18:11 of 3rd period - Wrist shot by Mikhail Grigorenko.
18:11 of 3rd period - Shot Misses the Net.
18:13 of 3rd period - Wrist shot by Jared Knight.
18:13 of 3rd period - Stopped by Christopher Gibson with a rebound.
18:15 of 3rd period - Slapshot by Jordan Hill.
18:15 of 3rd period - Deflect By Aaron Rome.
18:15 of 3rd period - Stopped by Christopher Gibson without a rebound.
18:16 of 3rd period - Mikhail Grigorenko wins face-off versus Tobias Rieder in Pirates zone.
Goals for this period are 0 for Pirates vs 0 for Monarchs.
Shots for this period are 2 for Pirates vs 15 for Monarchs.

Overtime #1


0:01 of 1st overtime period - Jason Jaffray wins face-off versus Bobby Butler in neutral zone.
0:06 of 1st overtime period - Snap shot by Raffi Torres.
0:06 of 1st overtime period - Shot Misses the Net.
0:37 of 1st overtime period - Hal Gill is hit by Jason Jaffray and loses puck.
0:50 of 1st overtime period - David Steckel is hit by Nathan Paetsch.
0:54 of 1st overtime period - Henrik Tommernes is hit by Raffi Torres and loses puck.
3:02 of 1st overtime period - Snap shot by Brandon Segal.
3:02 of 1st overtime period - Stopped by Niklas Svedberg without a rebound.
3:03 of 1st overtime period - Brandon Segal wins face-off versus C.J. Stretch in Monarchs zone.
3:40 of 1st overtime period - Snap shot by Aaron Rome.
3:40 of 1st overtime period - Stopped by Niklas Svedberg with a rebound.
4:07 of 1st overtime period - Snap shot by Nathan Paetsch.
4:07 of 1st overtime period - Shot Misses the Net.
Goals for this period are 0 for Pirates vs 0 for Monarchs.
Shots for this period are 2 for Pirates vs 0 for Monarchs.

ShootOut


5:00 of 1st overtime period - Penalty Shot by Bobby Butler for Pirates.
5:00 of 1st overtime period - Backhand shot by Bobby Butler.
5:00 of 1st overtime period - Stopped by Niklas Svedberg.
5:00 of 1st overtime period - Penalty Shot by Jason Jaffray for Monarchs.
5:00 of 1st overtime period - Deke by Jason Jaffray.
5:00 of 1st overtime period - Stopped by Christopher Gibson.
5:00 of 1st overtime period - Penalty Shot by David Steckel for Pirates.
5:00 of 1st overtime period - Snap shot by David Steckel.
5:00 of 1st overtime period - Shot Misses the Net.
5:00 of 1st overtime period - Penalty Shot by Raffi Torres for Monarchs.
5:00 of 1st overtime period - Backhand shot by Raffi Torres.
5:00 of 1st overtime period - Stopped by Christopher Gibson.
5:00 of 1st overtime period - Penalty Shot by Brandon Segal for Pirates.
5:00 of 1st overtime period - Wrist shot by Brandon Segal.
5:00 of 1st overtime period - Stopped by Niklas Svedberg.
5:00 of 1st overtime period - Penalty Shot by Mikhail Grigorenko for Monarchs.
5:00 of 1st overtime period - Wrist shot by Mikhail Grigorenko.
5:00 of 1st overtime period - Stopped by Christopher Gibson.
5:00 of 1st overtime period - Penalty Shot by Ryan Stoa for Pirates.
5:00 of 1st overtime period - Snap shot by Ryan Stoa.
5:00 of 1st overtime period - Shot Misses the Net.
5:00 of 1st overtime period - Penalty Shot by Brett Olson for Monarchs.
5:00 of 1st overtime period - Backhand shot by Brett Olson.
5:00 of 1st overtime period - Stopped by Christopher Gibson.
5:00 of 1st overtime period - Penalty Shot by Peter Holland for Pirates.
5:00 of 1st overtime period - Wrist shot by Peter Holland.
5:00 of 1st overtime period - Stopped by Niklas Svedberg.
5:00 of 1st overtime period - Penalty Shot by Luke Gazdic for Monarchs.
5:00 of 1st overtime period - Deke by Luke Gazdic.
5:00 of 1st overtime period - Stopped by Christopher Gibson.
5:00 of 1st overtime period - Penalty Shot by Tobias Rieder for Pirates.
5:00 of 1st overtime period - Snap shot by Tobias Rieder.
5:00 of 1st overtime period - Stopped by Niklas Svedberg.
5:00 of 1st overtime period - Penalty Shot by C.J. Stretch for Monarchs.
5:00 of 1st overtime period - Backhand shot by C.J. Stretch.
5:00 of 1st overtime period - Shot Misses the Net.
5:00 of 1st overtime period - Penalty Shot by Nick Johnson for Pirates.
5:00 of 1st overtime period - Deke by Nick Johnson.
5:00 of 1st overtime period - Stopped by Niklas Svedberg.
5:00 of 1st overtime period - Penalty Shot by Matej Stransky for Monarchs.
5:00 of 1st overtime period - Wrist shot by Matej Stransky.
5:00 of 1st overtime period - Shot Misses the Net.
5:00 of 1st overtime period - Penalty Shot by Aaron Rome for Pirates.
5:00 of 1st overtime period - Wrist shot by Aaron Rome.
5:00 of 1st overtime period - Goal by Aaron Rome.
5:00 of 1st overtime period - Penalty Shot by Joe Morrow for Monarchs.
5:00 of 1st overtime period - Snap shot by Joe Morrow.
5:00 of 1st overtime period - Goal by Joe Morrow.
5:00 of 1st overtime period - Penalty Shot by Andrew Alberts for Pirates.
5:00 of 1st overtime period - Wrist shot by Andrew Alberts.
5:00 of 1st overtime period - Goal by Andrew Alberts.
5:00 of 1st overtime period - Penalty Shot by Mathieu Tousignant for Monarchs.
5:00 of 1st overtime period - Backhand shot by Mathieu Tousignant.
5:00 of 1st overtime period - Goal by Mathieu Tousignant.
5:00 of 1st overtime period - Penalty Shot by Hal Gill for Pirates.
5:00 of 1st overtime period - Backhand shot by Hal Gill.
5:00 of 1st overtime period - Goal by Hal Gill.
5:00 of 1st overtime period - Penalty Shot by Bobby Robins for Monarchs.
5:00 of 1st overtime period - Snap shot by Bobby Robins.
5:00 of 1st overtime period - Goal by Bobby Robins.
5:00 of 1st overtime period - Penalty Shot by Greg Rallo for Pirates.
5:00 of 1st overtime period - Snap shot by Greg Rallo.
5:00 of 1st overtime period - Stopped by Niklas Svedberg.
5:00 of 1st overtime period - Penalty Shot by Jared Knight for Monarchs.
5:00 of 1st overtime period - Backhand shot by Jared Knight.
5:00 of 1st overtime period - Goal by Jared Knight.


Output by the SimonT Hockey Simulator (STHS) for Eric Dolegowski -- Original Page W3C XHTML 1.0 Valid
Hockey Simulator - Hockey Simulation - Hockey Manager